 Dungeon Crawl Stone Soup version 0.31-a0-370-g25055926c8 (webtiles) character file.

Game seed: 10639643953447439551

55363 AIAndy the Cleaver (level 14, 0/111 HPs)
             Began as a Gnoll Wanderer on July 27, 2023.
             Was an Initiate of Gozag.
             Slain by an anaconda simulacrum (12 damage)
             ... in an ice cave on July 29, 2023.
             The game lasted 01:51:44 (18805 turns).

AIAndy the Cleaver (Gnoll Wanderer)                Turns: 18805, Time: 01:51:44

Health: 0/111      AC: 22    Str: 19    XL:     14   Next: 77%
Magic:  27/27      EV: 10    Int: 17    God:    Gozag
Gold:   3733       SH: 12    Dex: 11    Spells: 30/32 levels left

rFire   . . .        m - +7 dagger "Paed" {elec, *Noise +Blink rPois rN++ SInv}
rCold   + . .        x - +2 kite shield {rC+}
rNeg    + + +        H - +7 scale mail of the Nine Wishes {Int+4}
rPois   +            y - +2 helmet {Int+3}
rElec   .            E - scarf {+Inv}
rCorr   +            t - +0 pair of gloves
SInv    +            v - +0 pair of boots
Will    ++++.        g - amulet of regeneration
Stlth   +++          b - ring "Raziybbo" {rN+ Will+++ rCorr Str+2 Dex-2}
HPRegen 1.18/turn    Y - +4 ring of slaying
MPRegen 0.20/turn

%: no passive effects
@: wereblooded, hasted, constricted, very quick
A: fangs 1, strong nose, distributed training
a: Renounce Religion, Evoke Blink, Evoke Invisibility, Potion Petition, Call
Merchant, Bribe Branch


You were in an ice cave.
You worshipped Gozag.
Gozag was most pleased with you.
You visited 2 branches of the dungeon, and saw 17 of its levels.
You also visited: Sewer, Ossuary, Gauntlet and Ice Cave.

You collected 5871 gold pieces.
You spent 1134 gold pieces at shops.
You paid 1004 gold pieces to Gozag.


Innate Abilities, Weirdness & Mutations

You have very sharp teeth.
Your uncanny sense of smell can sniff out nearby items.
Your experience applies equally to all skills.


   Skills:
 + Level 10.7 Fighting
 + Level 9.7 Short Blades
 + Level 9.7 Long Blades
 + Level 12.7 Axes
 + Level 9.7 Maces & Flails
 + Level 9.7 Polearms
 + Level 9.7 Staves
 + Level 9.7 Ranged Weapons
 + Level 9.7 Throwing
 + Level 10.0 Armour
 + Level 11.6 Dodging
 + Level 9.7 Stealth
 + Level 9.7 Shields
 + Level 9.7 Unarmed Combat
 + Level 9.7 Spellcasting
 + Level 8.1 Conjurations
 + Level 8.1 Hexes
 + Level 8.1 Summonings
 + Level 8.1 Necromancy
 + Level 8.1 Translocations
 + Level 8.1 Transmutations
 + Level 8.1 Fire Magic
 + Level 8.1 Ice Magic
 + Level 8.1 Air Magic
 + Level 8.1 Earth Magic
 + Level 8.1 Poison Magic
 + Level 10.5 Invocations
 + Level 9.7 Evocations
 + Level 8.1 Shapeshifting


You had 30 spell levels left.
You knew the following spells:

 Your Spells              Type           Power      Damage    Failure   Level
X - Wereblood             Tmut           35%        N/A       2%          2

Your spell library contained the following spells:

 Spells                   Type           Power      Damage    Failure   Level
 Magic Dart               Conj           100%       1d8       1%          1
 Necrotise                Necr           100%       1d9       1%          1
 Sting                    Tmut/Pois      100%       1d8       1%          1
 Call Imp                 Summ           70%        N/A       2%          2
 Cigotuvi's Dreadful Rot  Necr/Pois/Air  70%        N/A       2%          2
 Ensorcelled Hibernation  Hex/Ice        70%        N/A       2%          2
 Poisonous Vapours        Pois/Air       70%        N/A       2%          2
 Scorch                   Fire           70%        2d7       2%          2
 Sublimation of Blood     Necr           35%        N/A       2%          2
 Dazzling Flash           Conj/Hex       70%        N/A       4%          3
 Ignite Poison            Fire/Tmut/Pois 35%        N/A       4%          3
 Mephitic Cloud           Conj/Pois/Air  35%        N/A       4%          3
 Stone Arrow              Conj/Erth      70%        3d11      4%          3
 Vampiric Draining        Necr           35%        2d8       4%          3
 Anguish                  Hex/Necr       17%        N/A       16%         4
 Animate Armour           Summ/Erth      70%        N/A       16%         4
 Flame Wave               Conj/Fire      35%        2d10      16%         4
 Olgreb's Toxic Radiance  Pois           35%        N/A       16%         4
 Agony                    Necr           35%        N/A       38%         5
 Borgnjor's Vile Clutch   Necr/Erth      17%        N/A       38%         5
 Freezing Cloud           Conj/Ice/Air   17%        6-21      38%         5
 Silence                  Hex/Air        17%        N/A       38%         5
 Death Channel            Necr           17%        N/A       93%         6
 Summon Cactus Giant      Summ           17%        N/A       93%         6
 Summon Hydra             Summ           17%        N/A       100%        7
 Lehudib's Crystal Spear  Conj/Erth      17%        10d5      100%        8
 Animate Dead             Necr           Unusable   N/A       N/A         4

Inventory:

Hand Weapons
 m - the +7 dagger "Paed" (weapon) {elec, *Noise +Blink rPois rN++ SInv}
   (You found it on level 4 of the Dungeon)

   rPois:     It protects you from poison.
   rN:        It greatly protects you from negative energy.
   SInv:      It lets you see invisible.
   +Blink:    It lets you blink.
   *Noise:    It may make noises in combat.
Missiles
 s - 2 silver javelins (quivered)
 G - 47 poisoned darts
 I - 2 javelins
 N - 2 throwing nets {=f}
Armour
 a - a +2 buckler of cold resistance
 t - a +0 pair of gloves (worn)
 v - a +0 pair of boots (worn)
 x - a +2 kite shield of cold resistance (worn)
 y - a +2 helmet of intelligence (worn)
 E - a scarf of invisibility (worn)
 H - the +7 scale mail of the Nine Wishes (worn) {Int+4}
   (You found it on level 13 of the Dungeon)

   Int:       It affects your intelligence (+4).
Jewellery
 b - the ring "Raziybbo" (left hand) {rN+ Will+++ rCorr Str+2 Dex-2}
   (You found it in an ice cave)

   [ring of positive energy]

   Str:       It affects your strength (+2).
   Dex:       It affects your dexterity (-2).
   rN:        It protects you from negative energy.
   rCorr:     It protects you from acid and corrosion.
   Will:      It greatly increases your willpower.
 f - a ring of protection from fire
 g - an amulet of regeneration (around neck)
 r - the ring of Yvur {rPois rF+ rCorr Str-5}
   (You found it in a Gauntlet)

   [ring of poison resistance]

   Str:       It affects your strength (-5).
   rF:        It protects you from fire.
   rPois:     It protects you from poison.
   rCorr:     It protects you from acid and corrosion.
 S - a +6 ring of strength
 U - an amulet of reflection
 Y - a +4 ring of slaying (right hand)
Wands
 j - a wand of polymorph (15)
 k - a wand of light (17)
 u - a wand of mindburst (9)
 Q - a wand of paralysis (11)
 X - a wand of roots (6)
Scrolls
 c - 3 scrolls of fog
 e - 4 scrolls of blinking
 l - 5 scrolls of enchant weapon
 q - 3 scrolls of butterflies
 D - 2 scrolls of poison
 J - 5 scrolls of fear
 L - 6 scrolls of teleportation {@r4}
 O - 3 scrolls of enchant armour
Potions
 h - 3 potions of might
 i - 4 potions of enlightenment
 n - 2 potions of attraction {!q}
 o - 6 potions of mutation {!q}
 p - 2 potions of ambrosia
 z - 4 potions of cancellation
 A - 2 potions of haste {@q3}
 K - 2 potions of berserk rage {!q}
 M - 6 potions of curing {@q1}
 T - 2 potions of resistance
Miscellaneous
 w - a lightning rod (4/4)
 B - a phantom mirror
 F - a phial of floods
 Z - a piece from Xom's chessboard (15/15)

Dungeon Overview and Level Annotations

Branches:
Dungeon (13/15)            Temple (0/1) D:5            Lair (4/5) D:8
  Swamp (0/4) Lair:2        Snake (0/4) Lair:3          Orc (0/2) D:9
  Sewer (visited)         Ossuary (visited)           IceCv (1/1)
Gauntlet (visited)
  Slime: Lair:4-5    Vaults: D:13-14

Altars:
Dithmenos
Fedhas
Gozag
Makhleb
Uskayaw
Vehumet
Wu Jian

Shops:
D:1 [   D:4 (*   D:13 [

Annotations:
D:8 4 transporters $$$$

∆∆∆$$$ ### ∆∆$$ .(.. # $$ ....
### ..... ..### #..... #...###
#Z...# ###...# ##2Z.# #..## ##@Z#
###.### #..##
######..##≈≈≈###.####
..##...##≈≈≈≈≈≈#....### ###
..###..#≈≈≈≈≈≈≈≈#.##..#####.###
.##..###≈≈≈≈≈≈≈≈≈..#.#..##.#..###
...### #≈≈≈≈≈≈≈##.######..####..#
#### #≈≈≈≈≈≈≈### ####### #..## #
### ##~~≈≈≈≈≈####...### ##...


You could see a reaper, an anaconda simulacrum, a wolf simulacrum and an
elephant simulacrum.


Message History

The reaper freezes you.
You puncture the reaper!
The reaper is severely wounded.
The anaconda simulacrum misses you.
The anaconda simulacrum bites you but does no damage.
You hit the reaper but do no damage.
The reaper is severely wounded.
You block the anaconda simulacrum's attack.
The anaconda simulacrum bites you. The anaconda simulacrum freezes you!
You resist.
The reaper hits you with a +1 scythe of freezing!
* * * LOW HITPOINT WARNING * * *
The reaper freezes you.
* * * LOW HITPOINT WARNING * * *
You barely miss the reaper.
The reaper is severely wounded.
The anaconda simulacrum closely misses you.
The anaconda simulacrum bites you!
* * * LOW HITPOINT WARNING * * *
The anaconda simulacrum freezes you! You resist.
* * * LOW HITPOINT WARNING * * *
The reaper whispers, "Time's up, AIAndy!"
The reaper hits you with a +1 scythe of freezing!
* * * LOW HITPOINT WARNING * * *
You feel yourself speed up. The anaconda simulacrum grabs you.
The anaconda simulacrum bites you.
* * * LOW HITPOINT WARNING * * *
The anaconda simulacrum freezes you! You resist.
You die...
Your body crumbles into a pile of gold.

Skill      XL: |  1  2  3  4  5  6  7  8  9 10 11 12 13 14 |
---------------+-------------------------------------------+-----
Invocations    | 1 2 3 4 5 6 7 8 9 10 | 10.5
Short Blades   | 1 2 3 4 5 6 8 9 |  9.7
Long Blades    | 1 2 3 4 5 6 8 9 |  9.7
Maces & Flails | 1 2 3 4 5 6 8 9 |  9.7
Polearms       | 1 2 3 4 5 6 8 9 |  9.7
Staves         | 1 2 3 4 5 6 8 9 |  9.7
Ranged Weapons | 1 2 3 4 5 6 8 9 |  9.7
Throwing       | 1 2 3 4 5 6 8 9 |  9.7
Stealth        | 1 2 3 4 5 6 8 9 |  9.7
Shields        | 1 2 3 4 5 6 8 9 |  9.7
Unarmed Combat | 1 2 3 4 5 6 8 9 |  9.7
Spellcasting   | 1 2 3 4 5 6 8 9 |  9.7
Evocations     | 1 2 3 4 5 6 8 9 |  9.7
Conjurations   | 1 2 3 4 5 6 7 8 |  8.1
Hexes          | 1 2 3 4 5 6 7 8 |  8.1
Summonings     | 1 2 3 4 5 6 7 8 |  8.1
Necromancy     | 1 2 3 4 5 6 7 8 |  8.1
Translocations | 1 2 3 4 5 6 7 8 |  8.1
Transmutations | 1 2 3 4 5 6 7 8 |  8.1
Fire Magic     | 1 2 3 4 5 6 7 8 |  8.1
Ice Magic      | 1 2 3 4 5 6 7 8 |  8.1
Air Magic      | 1 2 3 4 5 6 7 8 |  8.1
Earth Magic    | 1 2 3 4 5 6 7 8 |  8.1
Poison Magic   | 1 2 3 4 5 6 7 8 |  8.1
Shapeshifting  | 1 2 3 4 5 6 7 8 |  8.1
Fighting       | 5 6 7 8 9 10 | 10.7
Armour         | 3 4 5 6 7 8 9 10 | 10.0
Dodging        | 7 8 9 10 11 | 11.6
Axes           | 9 10 11 12 | 12.7

Action                     |  1- 3 |  4- 6 |  7- 9 | 10-12 | 13-15 || total
---------------------------+-------+-------+-------+-------+-------++-------
  Melee: Hand axe          |   141 |   121 |       |       |       ||   262
         Bite              |    14 |     8 |    47 |   130 |   137 ||   336
         Dagger            |       |    22 |   471 |   843 |   942 ||  2278
  Throw: Dart              |       |       |       |    28 |    98 ||   126
         Javelin           |       |       |       |    12 |    18 ||    30
   Cast: Wereblood         |       |       |       |       |     3 ||     3
 Invoke: Potion Petition   |       |       |       |     2 |       ||     2
Ability: Evoke Blink       |       |       |       |     2 |       ||     2
  Evoke: Wand              |       |       |     4 |    16 |     1 ||    21
    Use: Scroll            |       |       |    10 |    12 |     6 ||    28
         Potion            |       |       |     7 |       |     5 ||    12
   Stab: Sleeping          |     1 |     4 |       |       |     7 ||    12
         Distracted        |       |     1 |     5 |     4 |    10 ||    20
         Confused          |       |       |     1 |       |       ||     1
 Armour: Leather armour    |    34 |       |       |       |       ||    34
         Robe              |       |    22 |       |       |       ||    22
         Plate armour      |       |    15 |   260 |   316 |     1 ||   592
         Scale mail        |       |       |       |       |   242 ||   242
  Dodge: Dodged            |    83 |    56 |   176 |   227 |   268 ||   810
  Block: Buckler           |       |       |    84 |       |       ||    84
         Kite shield       |       |       |    38 |   286 |   339 ||   663

Levels and vault maps discovered:
D:1:      onia_arrival_handbag, layout_loops_corners, serial_shops, shop
D:2:      layout_loops_cross
D:3:      layout_basic, mainiacjoe_overflow_concentric_impassable, uniq_grinder,
          uniq_jessica
D:4:      layout_basic, cheibrodos_sewer_entry_bend, hex_tiny,
          nicolae_wooded_promenade
D:5:      minmay_opposing_rooms, layout_basic, minmay_temple_entry_grid,
          nicolae_ossuary_entry_giza, dreamdust_gnoll_farm, uniq_eustachio
D:6:      cheibrodos_fzero, layout_gridville, lemuel_doored_altar,
          grunt_dithmenos_smoke, minmay_misc_feat_room, minivault_1,
          grunt_ministairs_2, nicolae_sextant, uniq_pikel, uniq_menkaure
D:7:      minmay_flawed_box, layout_cave_pods, kennysheep_generic_room_15
D:8:      layout_loops_cross, grunt_lair_entry_orc_guard_hut,
          nicolae_diode_quadrants, uniq_grum
D:9:      kennysheep_town
D:10:     layout_basic
D:11:     layout_loops_ring, serial_bayou, serial_bayou_lagoon_a,
          serial_bayou_pond_d, serial_bayou_pond_d, serial_bayou_pond_d,
          patterned_corridor
D:12:     layout_cave_pools
D:13:     layout_layer_cave, serial_shops, shop_coins, palyth_stone_intersect,
          kennysheep_small_circle
Lair:1:   layout_roguey, grunt_megastairs_2
Lair:2:   layout_loops_ring, skrybe_swamp_entry_bodies,
          nzn_masters_of_martial_movement
Lair:3:   dreamdust_isle_of_ice, layout_cellular_growth,
          guppyfry_snake_entry_garden, gauntlet_entry_generic
Lair:4:   layout_roguey, slime_entry_2, portal_ice_cave_entry_imps
IceCv:    ice_cave_caverns_02

Notes
Turn   | Place    | Note
-------+----------+-------------------------------------------
     0 | D:1      | AIAndy the Gnoll Wanderer began the quest for the Orb.
     0 | D:1      | AIAndy set off with the following items: a +0 hand axe, a
                  | +2 leather armour, a scroll of fog, a scroll of blinking.
     0 | D:1      | Reached XP level 1. HP: 20/20 MP: 1/1
   174 | D:1      | Reached XP level 2. HP: 26/26 MP: 2/2
   602 | D:1      | Found Casmiun's Antique Armour Shoppe.
   745 | D:1      | Reached XP level 3. HP: 31/31 MP: 3/3
   963 | D:2      | Reached skill level 1 in Invocations
  1303 | D:2      | Reached skill level 1 in Short Blades
  1303 | D:2      | Reached skill level 1 in Long Blades
  1303 | D:2      | Reached skill level 1 in Maces & Flails
  1303 | D:2      | Reached skill level 1 in Polearms
  1303 | D:2      | Reached skill level 1 in Staves
  1303 | D:2      | Reached skill level 1 in Ranged Weapons
  1303 | D:2      | Reached skill level 1 in Throwing
  1303 | D:2      | Reached skill level 1 in Stealth
  1303 | D:2      | Reached skill level 1 in Shields
  1303 | D:2      | Reached skill level 1 in Unarmed Combat
  1303 | D:2      | Reached skill level 1 in Spellcasting
  1303 | D:2      | Reached skill level 1 in Evocations
  1774 | D:3      | Reached XP level 4. HP: 34/38 MP: 5/5
  1783 | D:3      | Noticed Jessica
  1793 | D:3      | Killed Jessica
  1794 | D:3      | Reached skill level 1 in Conjurations
  1794 | D:3      | Reached skill level 1 in Hexes
  1794 | D:3      | Reached skill level 1 in Summonings
  1794 | D:3      | Reached skill level 1 in Necromancy
  1794 | D:3      | Reached skill level 1 in Translocations
  1794 | D:3      | Reached skill level 1 in Transmutations
  1794 | D:3      | Reached skill level 1 in Fire Magic
  1794 | D:3      | Reached skill level 1 in Ice Magic
  1794 | D:3      | Reached skill level 1 in Air Magic
  1794 | D:3      | Reached skill level 1 in Earth Magic
  1794 | D:3      | Reached skill level 1 in Poison Magic
  1794 | D:3      | Reached skill level 1 in Shapeshifting
  2076 | D:3      | Found an opulent altar of Gozag.
  2097 | D:3      | Noticed Grinder
  2106 | D:3      | Paralysed by Grinder for 3 turns
  2131 | D:3      | Paralysed by Grinder for 2 turns
  2157 | D:3      | HP: 2/38 [Grinder/nerve-wracking pain (12)]
  2163 | D:3      | Killed Grinder
  2164 | D:3      | Reached skill level 5 in Fighting
  2164 | D:3      | Reached skill level 2 in Short Blades
  2164 | D:3      | Reached skill level 2 in Long Blades
  2164 | D:3      | Reached skill level 2 in Maces & Flails
  2164 | D:3      | Reached skill level 2 in Polearms
  2164 | D:3      | Reached skill level 2 in Staves
  2164 | D:3      | Reached skill level 2 in Ranged Weapons
  2164 | D:3      | Reached skill level 2 in Throwing
  2164 | D:3      | Reached skill level 3 in Armour
  2164 | D:3      | Reached skill level 2 in Stealth
  2164 | D:3      | Reached skill level 2 in Shields
  2164 | D:3      | Reached skill level 2 in Unarmed Combat
  2164 | D:3      | Reached skill level 2 in Spellcasting
  2164 | D:3      | Reached skill level 2 in Invocations
  2164 | D:3      | Reached skill level 2 in Evocations
  2164 | D:3      | Reached XP level 5. HP: 7/44 MP: 5/8
  2164 | D:3      | Reached XP level 6. HP: 8/51 MP: 5/9
  2348 | D:3      | Became a worshipper of Gozag Ym Sagoz the Greedy
  2868 | D:4      | Identified the +7 dagger "Paed" {elec, *Noise +Blink rPois
                  | rN++ SInv}
  3109 | D:4      | Reached XP level 7. HP: 56/56 MP: 10/10
  3137 | D:4      | Found Xouxzila's Weapon Shoppe.
  3140 | D:4      | Found Qotwiwad's General Store.
  3228 | D:4      | Found a glowing drain.
  3254 | Sewer    | Entered a sewer
  3323 | Sewer    | Noticed Pargi
  3335 | Sewer    | Killed Pargi
  3336 | Sewer    | Reached skill level 7 in Dodging
  3336 | Sewer    | Reached skill level 2 in Conjurations
  3336 | Sewer    | Reached skill level 2 in Hexes
  3336 | Sewer    | Reached skill level 2 in Summonings
  3336 | Sewer    | Reached skill level 2 in Necromancy
  3336 | Sewer    | Reached skill level 2 in Translocations
  3336 | Sewer    | Reached skill level 2 in Transmutations
  3336 | Sewer    | Reached skill level 2 in Fire Magic
  3336 | Sewer    | Reached skill level 2 in Ice Magic
  3336 | Sewer    | Reached skill level 2 in Air Magic
  3336 | Sewer    | Reached skill level 2 in Earth Magic
  3336 | Sewer    | Reached skill level 2 in Poison Magic
  3336 | Sewer    | Reached skill level 2 in Shapeshifting
  3616 | D:5      | Entered Level 5 of the Dungeon
  3669 | D:5      | Reached skill level 9 in Axes
  3669 | D:5      | Reached skill level 3 in Invocations
  3686 | D:5      | Found a staircase to the Ecumenical Temple.
  3709 | D:5      | Noticed Eustachio
  3723 | D:5      | Killed Eustachio
  3724 | D:5      | Reached skill level 3 in Short Blades
  3724 | D:5      | Reached skill level 3 in Long Blades
  3724 | D:5      | Reached skill level 3 in Maces & Flails
  3724 | D:5      | Reached skill level 3 in Polearms
  3724 | D:5      | Reached skill level 3 in Staves
  3724 | D:5      | Reached skill level 3 in Ranged Weapons
  3724 | D:5      | Reached skill level 3 in Throwing
  3724 | D:5      | Reached skill level 4 in Armour
  3724 | D:5      | Reached skill level 3 in Stealth
  3724 | D:5      | Reached skill level 3 in Shields
  3724 | D:5      | Reached skill level 3 in Unarmed Combat
  3724 | D:5      | Reached skill level 3 in Spellcasting
  3724 | D:5      | Reached skill level 3 in Evocations
  3724 | D:5      | Reached XP level 8. HP: 45/63 MP: 12/12
  3952 | D:5      | Found a sand-covered staircase.
  3960 | Ossuary  | Entered an ossuary
  4132 | Ossuary  | Reached skill level 3 in Conjurations
  4132 | Ossuary  | Reached skill level 3 in Hexes
  4132 | Ossuary  | Reached skill level 3 in Summonings
  4132 | Ossuary  | Reached skill level 3 in Necromancy
  4132 | Ossuary  | Reached skill level 3 in Translocations
  4132 | Ossuary  | Reached skill level 3 in Transmutations
  4132 | Ossuary  | Reached skill level 3 in Fire Magic
  4132 | Ossuary  | Reached skill level 3 in Ice Magic
  4132 | Ossuary  | Reached skill level 3 in Air Magic
  4132 | Ossuary  | Reached skill level 3 in Earth Magic
  4132 | Ossuary  | Reached skill level 3 in Poison Magic
  4132 | Ossuary  | Reached skill level 4 in Invocations
  4132 | Ossuary  | Reached skill level 3 in Shapeshifting
  4151 | Ossuary  | Reached skill level 6 in Fighting
  4398 | D:5      | Reached XP level 9. HP: 69/69 MP: 14/14
  4523 | D:5      | You fall into a shaft and drop 2 floors!
  4541 | D:7      | Reached skill level 4 in Short Blades
  4541 | D:7      | Reached skill level 4 in Long Blades
  4541 | D:7      | Reached skill level 4 in Maces & Flails
  4541 | D:7      | Reached skill level 4 in Polearms
  4541 | D:7      | Reached skill level 4 in Staves
  4541 | D:7      | Reached skill level 4 in Ranged Weapons
  4541 | D:7      | Reached skill level 4 in Throwing
  4541 | D:7      | Reached skill level 4 in Stealth
  4541 | D:7      | Reached skill level 4 in Shields
  4541 | D:7      | Reached skill level 4 in Unarmed Combat
  4541 | D:7      | Reached skill level 4 in Spellcasting
  4541 | D:7      | Reached skill level 4 in Evocations
  4740 | D:7      | Reached skill level 5 in Armour
  4968 | D:7      | Reached skill level 8 in Dodging
  5063 | D:6      | Found a shadowy altar of Dithmenos.
  5118 | D:7      | Reached skill level 5 in Invocations
  5202 | D:6      | Noticed a troll
  5230 | D:6      | Killed a troll
  5296 | D:7      | Reached skill level 4 in Conjurations
  5296 | D:7      | Reached skill level 4 in Hexes
  5296 | D:7      | Reached skill level 4 in Summonings
  5296 | D:7      | Reached skill level 4 in Necromancy
  5296 | D:7      | Reached skill level 4 in Translocations
  5296 | D:7      | Reached skill level 4 in Transmutations
  5296 | D:7      | Reached skill level 4 in Fire Magic
  5296 | D:7      | Reached skill level 4 in Ice Magic
  5296 | D:7      | Reached skill level 4 in Air Magic
  5296 | D:7      | Reached skill level 4 in Earth Magic
  5296 | D:7      | Reached skill level 4 in Poison Magic
  5296 | D:7      | Reached skill level 4 in Shapeshifting
  5307 | D:6      | Reached XP level 10. HP: 33/77 MP: 17/17
  5313 | D:6      | Reached skill level 5 in Short Blades
  5313 | D:6      | Reached skill level 5 in Long Blades
  5313 | D:6      | Reached skill level 5 in Maces & Flails
  5313 | D:6      | Reached skill level 5 in Polearms
  5313 | D:6      | Reached skill level 5 in Staves
  5313 | D:6      | Reached skill level 5 in Ranged Weapons
  5313 | D:6      | Reached skill level 5 in Throwing
  5313 | D:6      | Reached skill level 5 in Stealth
  5313 | D:6      | Reached skill level 5 in Shields
  5313 | D:6      | Reached skill level 5 in Unarmed Combat
  5313 | D:6      | Reached skill level 5 in Spellcasting
  5313 | D:6      | Reached skill level 5 in Evocations
  5368 | D:6      | Reached skill level 10 in Axes
  5571 | D:6      | Learned a level 2 spell: Wereblood
  5651 | D:5      | Reached skill level 7 in Fighting
  5758 | D:4      | Bought a +4 ring of slaying for 1014 gold pieces
  5877 | D:1      | Bought a shiny helmet for 120 gold pieces
  6401 | D:6      | Noticed Pikel
  6487 | D:6      | Killed Pikel
  6488 | D:6      | Reached skill level 6 in Armour
  6585 | D:6      | Reached skill level 6 in Invocations
  6609 | D:6      | Found a radiant altar of Vehumet.
  6997 | D:6      | Noticed Menkaure
  7003 | D:6      | Killed Menkaure
  7387 | D:7      | Identified a +1 robe of resistance
  7673 | D:8      | Found a transporter.
  7674 | D:8      | Found a transporter.
  7683 | D:8      | Found a transporter.
  7744 | D:8      | Noticed Grum
  7759 | D:8      | Killed Grum
  7778 | D:8      | Found a transporter.
  8226 | D:8      | Found a staircase to the Lair.
  8229 | D:8      | Reached XP level 11. HP: 84/84 MP: 19/19
  8272 | D:9      | Reached skill level 6 in Short Blades
  8272 | D:9      | Reached skill level 6 in Long Blades
  8272 | D:9      | Reached skill level 6 in Maces & Flails
  8272 | D:9      | Reached skill level 6 in Polearms
  8272 | D:9      | Reached skill level 6 in Staves
  8272 | D:9      | Reached skill level 6 in Ranged Weapons
  8272 | D:9      | Reached skill level 6 in Throwing
  8272 | D:9      | Reached skill level 9 in Dodging
  8272 | D:9      | Reached skill level 6 in Stealth
  8272 | D:9      | Reached skill level 6 in Shields
  8272 | D:9      | Reached skill level 6 in Unarmed Combat
  8272 | D:9      | Reached skill level 6 in Spellcasting
  8272 | D:9      | Reached skill level 6 in Evocations
  8281 | D:9      | Reached skill level 5 in Conjurations
  8281 | D:9      | Reached skill level 5 in Hexes
  8281 | D:9      | Reached skill level 5 in Summonings
  8281 | D:9      | Reached skill level 5 in Necromancy
  8281 | D:9      | Reached skill level 5 in Translocations
  8281 | D:9      | Reached skill level 5 in Transmutations
  8281 | D:9      | Reached skill level 5 in Fire Magic
  8281 | D:9      | Reached skill level 5 in Ice Magic
  8281 | D:9      | Reached skill level 5 in Air Magic
  8281 | D:9      | Reached skill level 5 in Earth Magic
  8281 | D:9      | Reached skill level 5 in Poison Magic
  8281 | D:9      | Reached skill level 5 in Shapeshifting
  8379 | D:9      | HP: 6/85 [electric eel/bolt of electricity (6)]
  8493 | D:9      | Noticed a two-headed ogre
  8496 | D:9      | Found a blossoming altar of Fedhas.
  8639 | D:9      | Killed a two-headed ogre
  8859 | D:9      | Reached skill level 7 in Invocations
  8904 | D:9      | Found a staircase to the Orcish Mines.
  9019 | D:9      | Reached skill level 8 in Fighting
  9019 | D:9      | Reached skill level 7 in Armour
  9304 | D:9      | Noticed a two-headed ogre
  9978 | D:9      | Noticed a manticore
  9981 | D:9      | Killed a manticore
 10114 | D:10     | Entered Level 10 of the Dungeon
 10145 | D:9      | Reached skill level 11 in Axes
 10263 | D:9      | Reached XP level 12. HP: 78/94 MP: 22/22
 10270 | D:9      | Reached skill level 7 in Short Blades
 10270 | D:9      | Reached skill level 7 in Long Blades
 10270 | D:9      | Reached skill level 7 in Maces & Flails
 10270 | D:9      | Reached skill level 7 in Polearms
 10270 | D:9      | Reached skill level 7 in Staves
 10270 | D:9      | Reached skill level 7 in Ranged Weapons
 10270 | D:9      | Reached skill level 7 in Throwing
 10270 | D:9      | Reached skill level 7 in Stealth
 10270 | D:9      | Reached skill level 7 in Shields
 10270 | D:9      | Reached skill level 7 in Unarmed Combat
 10270 | D:9      | Reached skill level 7 in Spellcasting
 10270 | D:9      | Reached skill level 7 in Evocations
 10523 | D:10     | Noticed a two-headed ogre
 10526 | D:10     | Killed a two-headed ogre
 10896 | D:10     | Upgraded the game from 0.31-a0-361-g0f8bd3a31e to
                  | 0.31-a0-370-g25055926c8
 10990 | D:11     | Reached skill level 6 in Conjurations
 10990 | D:11     | Reached skill level 6 in Hexes
 10990 | D:11     | Reached skill level 6 in Summonings
 10990 | D:11     | Reached skill level 6 in Necromancy
 10990 | D:11     | Reached skill level 6 in Translocations
 10990 | D:11     | Reached skill level 6 in Transmutations
 10990 | D:11     | Reached skill level 6 in Fire Magic
 10990 | D:11     | Reached skill level 6 in Ice Magic
 10990 | D:11     | Reached skill level 6 in Air Magic
 10990 | D:11     | Reached skill level 6 in Earth Magic
 10990 | D:11     | Reached skill level 6 in Poison Magic
 10990 | D:11     | Reached skill level 6 in Shapeshifting
 11017 | D:11     | Reached skill level 8 in Invocations
 11624 | D:11     | Reached skill level 10 in Dodging
 11828 | D:12     | Noticed a boulder beetle
 11844 | D:12     | Killed a boulder beetle
 11845 | D:12     | Reached skill level 8 in Armour
 11963 | D:13     | Found Kiwawuth's Antique Armour Shoppe.
 11979 | D:13     | Reached skill level 9 in Fighting
 12050 | D:13     | Identified the +0 chain mail of Eternal Night {Fly rC-
                  | Dex+3}
 12511 | D:12     | Reached skill level 8 in Short Blades
 12511 | D:12     | Reached skill level 8 in Long Blades
 12511 | D:12     | Reached skill level 8 in Maces & Flails
 12511 | D:12     | Reached skill level 8 in Polearms
 12511 | D:12     | Reached skill level 8 in Staves
 12511 | D:12     | Reached skill level 8 in Ranged Weapons
 12511 | D:12     | Reached skill level 8 in Throwing
 12511 | D:12     | Reached skill level 8 in Stealth
 12511 | D:12     | Reached skill level 8 in Shields
 12511 | D:12     | Reached skill level 8 in Unarmed Combat
 12511 | D:12     | Reached skill level 8 in Spellcasting
 12511 | D:12     | Reached skill level 8 in Evocations
 12511 | D:12     | Reached XP level 13. HP: 58/101 MP: 23/25
 13010 | D:13     | Identified the +7 scale mail of the Nine Wishes {Int+4}
 13267 | D:13     | Reached skill level 9 in Invocations
 13785 | D:13     | Found a burning altar of Makhleb.
 14002 | Lair:1   | Entered Level 1 of the Lair of Beasts
 14009 | Lair:1   | Reached skill level 7 in Conjurations
 14009 | Lair:1   | Reached skill level 7 in Hexes
 14009 | Lair:1   | Reached skill level 7 in Summonings
 14009 | Lair:1   | Reached skill level 7 in Necromancy
 14009 | Lair:1   | Reached skill level 7 in Translocations
 14009 | Lair:1   | Reached skill level 7 in Transmutations
 14009 | Lair:1   | Reached skill level 7 in Fire Magic
 14009 | Lair:1   | Reached skill level 7 in Ice Magic
 14009 | Lair:1   | Reached skill level 7 in Air Magic
 14009 | Lair:1   | Reached skill level 7 in Earth Magic
 14009 | Lair:1   | Reached skill level 7 in Poison Magic
 14009 | Lair:1   | Reached skill level 7 in Shapeshifting
 14121 | Lair:1   | Reached skill level 12 in Axes
 14121 | Lair:1   | Reached skill level 9 in Armour
 14232 | Lair:1   | Identified a potion of resistance
 15062 | Lair:2   | Reached skill level 10 in Fighting
 15062 | Lair:2   | Reached skill level 11 in Dodging
 15125 | Lair:2   | Identified the +1 flail of Bloody Death {freeze, rElec}
 15148 | Lair:2   | Found an ornate altar of the Wu Jian Council.
 15148 | Lair:2   | Found a hide-covered altar of Uskayaw.
 15442 | Lair:2   | Reached skill level 9 in Short Blades
 15442 | Lair:2   | Reached skill level 9 in Long Blades
 15442 | Lair:2   | Reached skill level 9 in Maces & Flails
 15442 | Lair:2   | Reached skill level 9 in Polearms
 15442 | Lair:2   | Reached skill level 9 in Staves
 15442 | Lair:2   | Reached skill level 9 in Ranged Weapons
 15442 | Lair:2   | Reached skill level 9 in Throwing
 15442 | Lair:2   | Reached skill level 9 in Stealth
 15442 | Lair:2   | Reached skill level 9 in Shields
 15442 | Lair:2   | Reached skill level 9 in Unarmed Combat
 15442 | Lair:2   | Reached skill level 9 in Spellcasting
 15442 | Lair:2   | Reached skill level 9 in Evocations
 15442 | Lair:2   | Reached XP level 14. HP: 90/110 MP: 25/27
 15541 | Lair:2   | Found a staircase to the Swamp.
 15589 | Lair:2   | Identified the +7 short sword of Xegires {venom, rElec}
 15923 | Lair:3   | Found a gate leading to a gauntlet.
 15941 | Gauntlet | Entered a Gauntlet
 15941 | Gauntlet | Found a transporter.
 15941 | Gauntlet | Found a transporter.
 15941 | Gauntlet | Found a runed translucent door.
 15949 | Gauntlet | Found a transporter.
 15953 | Gauntlet | Found a transporter.
 15962 | Gauntlet | Found a transporter.
 15965 | Gauntlet | Found a transporter.
 15973 | Gauntlet | Found a transporter.
 15989 | Gauntlet | Found a transporter.
 16003 | Gauntlet | Found a transporter.
 16007 | Gauntlet | Found a transporter.
 16018 | Gauntlet | Found a transporter.
 16019 | Gauntlet | Found a transporter.
 16023 | Gauntlet | Found a runed translucent door.
 16214 | Gauntlet | Reached skill level 10 in Invocations
 16239 | Gauntlet | Identified the ring of Yvur {rPois rF+ rCorr Str-5}
 16659 | Lair:3   | HP: 7/111 [cane toad (12)]
 17356 | Lair:3   | Reached skill level 8 in Conjurations
 17356 | Lair:3   | Reached skill level 8 in Hexes
 17356 | Lair:3   | Reached skill level 8 in Summonings
 17356 | Lair:3   | Reached skill level 8 in Necromancy
 17356 | Lair:3   | Reached skill level 8 in Translocations
 17356 | Lair:3   | Reached skill level 8 in Transmutations
 17356 | Lair:3   | Reached skill level 8 in Fire Magic
 17356 | Lair:3   | Reached skill level 8 in Ice Magic
 17356 | Lair:3   | Reached skill level 8 in Air Magic
 17356 | Lair:3   | Reached skill level 8 in Earth Magic
 17356 | Lair:3   | Reached skill level 8 in Poison Magic
 17356 | Lair:3   | Reached skill level 8 in Shapeshifting
 17388 | Lair:3   | Found a staircase to the Snake Pit.
 17955 | Lair:4   | Reached skill level 10 in Armour
 18099 | Lair:4   | Found a frozen archway.
 18193 | IceCv    | Entered an ice cave
 18352 | IceCv    | Identified the ring "Raziybbo" {rN+ Will+++ rCorr Str+2
                  | Dex-2}
 18792 | IceCv    | Noticed a reaper
 18805 | IceCv    | Slain by an anaconda simulacrum

Vanquished Creatures
  A minotaur (Gauntlet)
  3 two-headed ogres
  2 centaur warriors (D:13)
  4 boulder beetles
  2 death scarabs (Gauntlet)
  3 death yaks
  A fire crab (Gauntlet)
  A spectral hydra (Gauntlet)
  A bog body (Lair:2)
  Pikel (D:6)
  3 deep elf pyromancers
  5 cyclopes
  3 elephants (Lair:3)
  6 manticores
  4 black mambas
  12 cane toads
  An unseen horror (D:11)
  2 gargoyles
  An ice statue (IceCv)
  A kobold demonologist (D:11)
  A tengu conjurer (D:13)
  6 rime drakes
  An anaconda simulacrum (IceCv)
  3 ice devils
  9 komodo dragons
  3 trolls
  A merfolk (D:9)
  3 polar bears (Lair:3)
  Grinder (D:3)
  3 blink frogs (Lair:2)
  11 slime creatures
  A dire elephant simulacrum (Lair:3)
  2 shadows
  9 wyverns
  31 yaks
  4 fire bats (Gauntlet)
  3 hogs (D:9)
  2 spectral komodo dragons (Gauntlet)
  A wraith (D:12)
  A steam dragon (Lair:3)
  2 basilisks
  Eustachio (D:5)
  Grum (D:8)
  8 vampire mosquitoes (D:11)
  Menkaure (D:6)
  2 nagas (Lair:3)
  3 hydra simulacra (IceCv)
  13 water moccasins
  20 black bears
  2 ice beasts
  7 orc warriors
  Pargi (Sewer)
  A sky beast (D:7)
  A tengu (shapeshifter) (D:13)
  25 wolves
  7 centaurs
  5 ogres
  4 lemures
  5 phantoms
  2 elf zombies (Ossuary)
  5 kobold brigands
  15 bullfrogs
  3 scorpions
  7 two-headed ogre simulacra (IceCv)
  3 gnoll sergeants
  6 killer bees
  3 elephant simulacra (IceCv)
  4 howler monkeys
  7 electric eels
  A centaur zombie (Ossuary)
  5 hounds
  2 human zombies (Ossuary)
  5 jellies
  An orc priest (D:9)
  4 gnoll boudas
  Jessica (D:3)
  A sleepcap (D:5)
  8 iguanas
  19 orc wizards
  6 spriggan simulacra
  5 troll simulacra (IceCv)
  2 polar bear simulacra (IceCv)
  4 wolf simulacra
  3 mummies
  26 gnolls
  10 adders
  5 naga simulacra (IceCv)
  2 shadow imps
  20 white imps
  7 ufetubi (IceCv)
  3 adder zombies (Ossuary)
  4 worms
  5 dart slugs
  27 orcs
  6 ball pythons
  3 bats (D:1)
  3 endoplasms
  6 giant cockroaches
  4 goblins
  10 hobgoblins
  A jackal (D:4)
  25 kobolds
  5 quokkas
  5 frilled lizards
  2 goblin zombies
  16 hobgoblin zombies
  7 kobold zombies (Ossuary)
  6 orc zombies (Ossuary)
  8 rats
600 creatures vanquished.

Vanquished Creatures (collateral kills)
  2 gnolls (D:4)
  2 jackals (D:4)
4 creatures vanquished.

Grand Total: 604 creatures vanquished

Table legend: (Time is in decaauts)
 A = Elapsed time spent in this place.
 B = Non-inter-level travel time spent in this place.
 C = Inter-level travel time spent in this place.
 D = Time resting spent in this place.
 E = Time spent auto-exploring this place.
 F = Levels seen in this place.
 G = Mean time per level.
                   A        B        C        D        E       F      G
               +--------+--------+--------+--------+--------+-----+--------+
         Total |  18316 |  17221 |   1095 |    419 |  11598 |  21 |  872.2 |
       Dungeon |  13259 |  12279 |    980 |    279 |   8747 |  13 | 1019.9 |
          Lair |   3503 |   3388 |    115 |     70 |   2300 |   4 |  875.8 |
         Sewer |    204 |    204 |      0 |      0 |    150 |   1 |  204.0 |
       Ossuary |    338 |    338 |      0 |      0 |    166 |   1 |  338.0 |
      Ice Cave |    563 |    563 |      0 |     70 |     39 |   1 |  563.0 |
      Gauntlet |    447 |    447 |      0 |      0 |    195 |   1 |  447.0 |
               +--------+--------+--------+--------+--------+-----+--------+

Top non-repeatable levels by time:
     D:9: 2044 daAuts
  Lair:3: 1323 daAuts
    D:13: 1209 daAuts
     D:5: 1135 daAuts
     D:3: 1130 daAuts
     D:6: 1081 daAuts
     D:1: 1021 daAuts
     D:7: 1011 daAuts
  Lair:1: 938 daAuts
    D:11: 911 daAuts
  Lair:2: 874 daAuts
     D:2: 850 daAuts
    D:12: 771 daAuts
     D:8: 741 daAuts
    D:10: 675 daAuts

Table legend:
 A = Non-vault XP
 B = Vault XP
 C = Vault XP percentage of total XP
 D = Non-vault monster count
 E = Vault monster count
 F = Vault count percentage of total count
                 A         B        C        D         E       F
            +---------+---------+-------+---------+---------+-------
      Total |   50981 |   28110 |  35.5 |     359 |     241 |  40.2
            +---------+---------+-------+---------+---------+-------
        D:1 |      32 |       5 |  13.5 |      16 |       4 |  20.0
        D:2 |      43 |       0 |   0.0 |      13 |       0 |   0.0
        D:3 |      70 |     318 |  82.0 |      18 |       2 |  10.0
        D:4 |     171 |       5 |   2.8 |      22 |       1 |   4.3
        D:5 |     993 |     890 |  47.3 |      19 |      20 |  51.3
        D:6 |    1083 |    2170 |  66.7 |      19 |      16 |  45.7
        D:7 |     999 |     405 |  28.8 |      29 |      10 |  25.6
        D:8 |     449 |    1143 |  71.8 |      11 |       9 |  45.0
        D:9 |    3854 |    5881 |  60.4 |      44 |      38 |  46.3
       D:10 |    2018 |       0 |   0.0 |      19 |       0 |   0.0
       D:11 |    4520 |       0 |   0.0 |      17 |       0 |   0.0
       D:12 |    6079 |       0 |   0.0 |      16 |       0 |   0.0
       D:13 |    6539 |    1307 |  16.7 |      19 |       3 |  13.6
     Lair:1 |    7302 |     562 |   7.1 |      40 |       2 |   4.8
     Lair:2 |    7754 |    2274 |  22.7 |      32 |       3 |   8.6
     Lair:3 |    7245 |    4355 |  37.5 |      20 |      18 |  47.4
     Lair:4 |    1830 |     122 |   6.2 |       5 |      12 |  70.6
      Sewer |       0 |     133 | 100.0 |       0 |       5 | 100.0
    Ossuary |       0 |     402 | 100.0 |       0 |      39 | 100.0
      IceCv |       0 |    2565 | 100.0 |       0 |      45 | 100.0
   Gauntlet |       0 |    5573 | 100.0 |       0 |      14 | 100.0
            +---------+---------+-------+---------+---------+-------
